 Dungeon Crawl Stone Soup version 0.26-a0-661-g406de6ba63 (webtiles) character file.

Game seed: 7548495629655721796

616 jasper the Conjurer (level 7, 0/46 HPs)
             Began as a Demonspawn Fire Elementalist on Oct 9, 2020.
             Was a Follower of Vehumet.
             Slain by a hound (5 damage)
             ... on level 6 of the Dungeon.
             The game lasted 00:11:18 (5442 turns).

jasper the Conjurer (Demonspawn Fire Elementalist)  Turns: 5442, Time: 00:11:19

Health: 0/46       AC:  4    Str: 14    XL:     7   Next: 21%
Magic:  11/11      EV: 12    Int: 18    God:    Vehumet [*.....]
Gold:   284        SH:  0    Dex: 14    Spells: 1/12 levels left

rFire    . . .     SeeInvis .   z - +1 trident (flame)
rCold    + . .     Faith    .   (no shield)
rNeg     . . .     Spirit   .   q - +0 leather armour
rPois    .         Reflect  .   (helmet restricted)
rElec    .         Harm     .   (no cloak)
rCorr    .         Rampage  .   (no gloves)
MR       .....                  E - +0 pair of boots
Stlth    ++........             n - amulet of magic regeneration
HPRegen  0.15/turn              v - +6 ring of strength
MPRegen  0.37/turn              (no ring)

@: no status effects
A: horns 2, cold resistance 1, rot immunity, sturdy frame 1
a: Renounce Religion


You were on level 6 of the Dungeon.
You worshipped Vehumet.
Vehumet was aware of your devotion.
You visited 1 branch of the dungeon, and saw 6 of its levels.

You collected 284 gold pieces.

Inventory:

Hand Weapons
 f - a +0 dagger
 h - a +0 hand axe
 t - a +1 hand axe of freezing
 z - a +1 trident of flaming (weapon)
 D - a +0 quarterstaff
Missiles
 c - 92 stones (quivered)
 g - 53 arrows
 l - 80 bolts
 m - 21 poisoned darts
Armour
 a - a +0 robe
 p - a cursed -1 helmet
 q - a +0 leather armour (worn)
 x - a +0 scale mail
 E - a +0 pair of boots (worn)
Jewellery
 n - an amulet of magic regeneration (around neck)
 v - a +6 ring of strength (left hand)
 I - an uncursed amulet of guardian spirit {unknown}
Wands
 s - a wand of iceblast (13)
Scrolls
 b - 2 scrolls of enchant weapon {unknown}
 d - 6 scrolls of identify {unknown}
 e - 2 scrolls of remove curse {unknown}
 k - 4 scrolls of amnesia {unknown}
 o - a scroll of teleportation {unknown}
 u - a scroll of blinking {unknown}
 y - a scroll of immolation {unknown}
 F - a scroll of noise {unknown}
 H - a scroll of magic mapping {unknown}
Potions
 i - a potion of might {unknown}
 j - 2 potions of flight {unknown}
 r - a potion of curing {unknown}
 w - a potion of degeneration {unknown}
 A - a potion of ambrosia {unknown}
 B - a potion of berserk rage {unknown}
 C - a potion of brilliance {unknown}
 G - a potion of heal wounds {unknown}


   Skills:
 - Level 1.7 Dodging
 - Level 1.7 Stealth
 - Level 3.2 Spellcasting
 - Level 7.0 Conjurations
 + Level 1.3 Hexes
 - Level 2.6 Fire Magic


You had one spell level left.
You knew the following spells:

 Your Spells              Type           Power        Failure   Level
a - Foxfire               Conj/Fire      ###.         2%          1
b - Conjure Flame         Conj/Fire      ###.....     7%          3
c - Sticky Flame          Conj/Fire      ###.....     22%         4
d - Tukima's Dance        Hex            #.......     28%         3

Your spell library contained the following spells:

 Spells                   Type           Power        Failure   Level
 Shock                    Conj/Air       ###.         3%          1
 Corona                   Hex            #......      10%         1
 Dazzling Flash           Conj/Hex       ###...       9%          3
 Ensorcelled Hibernation  Hex/Ice        #.....       19%         2
 Inner Flame              Hex/Fire       ##......     22%         3
 Confusing Touch          Hex            #.......     28%         3
 Fireball                 Conj/Fire      ###.......   52%         5


Dungeon Overview and Level Annotations

Branches:
Dungeon (6/15)
 Temple: D:4-7

Altars:
Dithmenos
Gozag
Kikubaaqudgha
Okawaru
Ru
Vehumet

Annotations:
D:4 exclusion: statue, Dowan
D:5 1 runed translucent door, Crazy Yiuf, Sigmund


Innate Abilities, Weirdness & Mutations

You have a pair of horns on your head.
Your flesh is cold resistant. (rC+)
You are immune to rotting.
Your movements are slightly less encumbered by armour. (ER -2)


Message History

Confirm with . or Enter, or press ? or * to list all spells.
You conjure some foxfire!
The bullfrog completely misses you. The hound bites you.
The orc warrior hits you with a +0 short sword!
The bullfrog hits you.
You take 13 damage, and have 21/46 hp.
MASSIVE DAMAGE!!
You now have 10/11 mp.
You hit the hound. You burn the hound. Your headbutt misses the hound.
The hound is heavily wounded.
The foxfire hits the hound.
The hound is heavily wounded.
The hound bites you but does no damage. The bullfrog closely misses you.
The orc warrior hits you with a +0 short sword!
* * * LOW HITPOINT WARNING * * *
The hound bites you.
* * * LOW HITPOINT WARNING * * *
The bullfrog hits you!
* * * LOW HITPOINT WARNING * * *
You take 16 damage, and have 5/46 hp.
MASSIVE DAMAGE!!
The hound bites you.
You die...

#+# #######
#.#
+...<.#####.#
###.#.#)#.#.#
#..........#
##.##'##.#.#
#..#...#.oF#
##.+...+.#.#
..#...#.h@#
#.##+##.#.#
.....#
#.#.#.#
....##.#
..... ...
.... #.# ..
#.#


You could see an orc warrior, a bullfrog and a hound.

Vanquished Creatures
  A centaur (D:5)
  A scorpion (D:5)
  A centaur skeleton (D:5)
  2 hounds (D:5)
  A jelly (D:5)
  Jessica (D:3)
  An iguana (D:5)
  Terence (D:3)
  Natasha (thrice) (D:3)
  3 worker ants (D:5)
  6 adders
  An ufetubus (D:5)
  2 oozes
  An adder skeleton (D:5)
  2 worms
  A dart slug (D:2)
  3 leopard geckos
  6 orcs
  3 giant cockroaches
  5 goblins
  9 hobgoblins
  6 jackals
  4 kobolds
  2 quokkas (D:2)
  A ball python (D:3)
  3 bats
  7 frilled lizards
  2 leopard gecko skeletons (D:4)
  A quokka zombie (D:5)
  4 rats
84 creatures vanquished.

Vanquished Creatures (others)
  247 foxfires
247 creatures vanquished.

Grand Total: 331 creatures vanquished

Notes
Turn   | Place    | Note
-------+----------+-------------------------------------------
     0 | D:1      | jasper the Demonspawn Fire Elementalist began the quest for
                  | the Orb.
     0 | D:1      | Reached XP level 1. HP: 13/13 MP: 3/3
   311 | D:1      | Reached skill level 2 in Conjurations
   511 | D:1      | Gained mutation: You are immune to rotting. [demonic
                  | ancestry]
   511 | D:1      | Reached XP level 2. HP: 15/19 MP: 1/5
  1359 | D:2      | Reached skill level 3 in Conjurations
  1485 | D:2      | Gained mutation: Your movements are slightly less
                  | encumbered by armour. (ER -2) [demonic ancestry]
  1485 | D:2      | Reached XP level 3. HP: 23/24 MP: 2/6
  1738 | D:2      | Found an ancient bone altar of Kikubaaqudgha.
  1858 | D:2      | Learned a level 3 spell: Conjure Flame
  2189 | D:2      | Gained mutation: You have a pair of small horns on your
                  | head. [demonic ancestry]
  2189 | D:2      | Reached XP level 4. HP: 30/30 MP: 4/7
  2238 | D:2      | Reached skill level 4 in Conjurations
  2683 | D:3      | Found an opulent altar of Gozag.
  2718 | D:3      | You fall into a shaft and drop 1 floor!
  2731 | D:4      | Found a radiant altar of Vehumet.
  2731 | D:4      | Noticed a charred statue
  2758 | D:4      | Became a worshipper of Vehumet
  2910 | D:3      | Noticed Jessica
  2916 | D:3      | Killed Jessica
  2940 | D:3      | Noticed Natasha
  2945 | D:3      | Killed Natasha
  3009 | D:3      | Noticed Natasha
  3016 | D:3      | Killed Natasha
  3016 | D:3      | Reached skill level 5 in Conjurations
  3016 | D:3      | Gained mutation: Your flesh is cold resistant. (rC+)
                  | [demonic ancestry]
  3016 | D:3      | Reached XP level 5. HP: 35/35 MP: 8/8
  3022 | D:3      | Learned a level 4 spell: Sticky Flame
  3038 | D:3      | Noticed Terence
  3052 | D:3      | Killed Terence
  3483 | D:3      | Noticed Natasha
  3490 | D:3      | Killed Natasha
  3946 | D:4      | Found a sacrificial altar of Ru.
  4023 | D:4      | Noticed Dowan
  4044 | D:5      | Entered Level 5 of the Dungeon
  4045 | D:5      | Found a shadowy altar of Dithmenos.
  4220 | D:5      | Reached XP level 6. HP: 35/41 MP: 6/9
  4275 | D:5      | Reached skill level 6 in Conjurations
  4669 | D:5      | Found an iron altar of Okawaru.
  4684 | D:5      | Reached * piety under Vehumet
  4684 | D:5      | Offered knowledge of Shock by Vehumet.
  4838 | D:5      | Reached skill level 7 in Conjurations
  4838 | D:5      | Gained mutation: You have a pair of horns on your head.
                  | [demonic ancestry]
  4838 | D:5      | Reached XP level 7. HP: 41/46 MP: 11/11
  4843 | D:5      | Learned a level 3 spell: Tukima's Dance
  4915 | D:5      | Reached skill level 1 in Hexes
  5207 | D:5      | Found a runed translucent door.
  5208 | D:5      | Noticed Crazy Yiuf
  5347 | D:6      | Noticed Sigmund
  5442 | D:6      | Slain by a hound

Illustrated notes

Levels and vault maps discovered:
D:1:      elethiomel_arrival_infinity_welcomes_careful_drivers, layout_rooms
D:2:      layout_basic, marbit_many_paths
D:3:      layout_basic, grunt_gozag_breadcrumbs, uniq_jessica, uniq_natasha,
          uniq_terence
D:4:      minmay_door_path, layout_cave_pools, nicolae_ru_sacrificial_ziggurat,
          lemuel_round_altar, vehumet_statue, uniq_duvessa
D:5:      layout_rooms, old_standard_altar, grunt_dithmenos_smoke_and_mirrors,
          minmay_between, uniq_crazy_yiuf_cottage
D:6:      layout_basic, makhleb_grotto_becter, basic_altar, minivault_27,
          minmay_misc_feat_doors, nemelex_altar_shiori, uniq_sigmund,
          uniq_prince_ribbit1

Skill      XL: |  1  2  3  4  5  6  7 |
---------------+----------------------+-----
Conjurations   | 2 3 5 7 |  7.0
Spellcasting   | 3 |  3.2
Hexes          | 1 |  1.3
Dodging        | |  1.7
Stealth        | |  1.7
Fire Magic     | |  2.6

Action                   |  1- 3 |  4- 6 |  7- 9 || total
-------------------------+-------+-------+-------++-------
Melee: Unarmed           |     2 |       |       ||     2
       Hand axe          |     9 |    11 |       ||    20
       Headbutt          |       |     8 |       ||     8
       Trident           |       |    53 |     7 ||    60
Throw: Stone             |     3 |     1 |       ||     4
 Cast: Foxfire           |    71 |    74 |    11 ||   156
 Stab: Sleeping          |       |     2 |       ||     2
Armor: Robe              |     7 |       |       ||     7
       Leather armour    |     6 |    18 |     3 ||    27
Dodge: Dodged            |    41 |    79 |    13 ||   133

Table legend: (Time is in decaauts)
 A = Elapsed time spent in this place.
 B = Non-inter-level travel time spent in this place.
 C = Inter-level travel time spent in this place.
 D = Time resting spent in this place.
 E = Time spent auto-exploring this place.
 F = Levels seen in this place.
 G = Mean time per level.
                   A        B        C        D        E       F      G
               +--------+--------+--------+--------+--------+-----+--------+
         Total |   5465 |   5347 |    118 |    493 |   3878 |   6 |  910.8 |
       Dungeon |   5465 |   5347 |    118 |    493 |   3878 |   6 |  910.8 |
               +--------+--------+--------+--------+--------+-----+--------+

Top non-repeatable levels by time:
     D:5: 1349 daAuts
     D:2: 1316 daAuts
     D:1: 1268 daAuts
     D:3: 1179 daAuts
     D:4: 290 daAuts
     D:6: 62 daAuts
